[Event "Titled Tuesday Blitz July 25 Early 2023"]
[White "Shuvalova, Polina"]
[Black "Onufrienko, Vladislav"]
[WhiteFideId "24171760"]
[BlackFideId "13804332"]
[WhiteElo "2659"]
[BlackElo "2490"]
[Result "1/2-1/2"]
[Round "11"]
[TimeControl "180+2"]
[Date "2023.07.25"]
[WhiteClock "0:00:03"]
[BlackClock "0:00:03"]
[Board "65"]

1. e4 Nf6 2. d3 e5 3. Nf3 Nc6 4. g3 Bc5 5. Bg2 O-O 6. O-O d5 7. exd5 Nxd5 8. Nc3 Be6 9. Ng5 Nxc3 10. bxc3 Bd5 11. Ne4 Be7 12. c4 Be6 13. Rb1 Rb8 14. Nc3 Bc5 15. Nd5 Nd4 16. Be3 c6 17. Nc3 Be7 18. Re1 Re8 19. a4 Bf8 20. Bd2 f6 21. Ne4 Bf7 22. a5 a6 23. h3 Be7 24. h4 h6 25. g4 Bf8 26. Ng3 f5 27. Nxf5 Nxf5 28. gxf5 Qxh4 29. Qf3 Bd6 30. Re4 Qf6 31. Bh3 Kh8 32. Bg4 Rf8 33. Kg2 Bg8 34. Rh1 Bh7 35. Rh5 Rf7 36. Be3 Rbf8 37. Qh3 Kg8 38. Bg5 Qxg5 39. Rxg5 hxg5 40. c5 Bc7 41. f3 Bxf5 42. Bxf5 Rxf5 43. Rb4 Rf4 44. Qe6+ Kh8 45. Qh3+ Kg8 46. Qe6+ Kh7 47. Rxf4 Rxf4 48. Qe7 Bxa5 49. Qxg5 Bc3 50. Qe7 Rb4 51. Kh3 a5 52. Qf7 a4 53. Qh5+ Kg8 54. Qe8+ Kh7 55. Qh5+ Kg8 56. Qe8+ Kh7 57. Qh5+ 1/2-1/2


[Site "https://www.chess.com"]

[Event "Titled Tuesday Blitz July 25 Early 2023"]
[White "Dinu, Dumitru-Daniel"]
[Black "Skliarov, Viktor"]
[WhiteFideId "1208403"]
[BlackFideId "14106736"]
[WhiteElo "2474"]
[BlackElo "2656"]
[Result "0-1"]
[Round "11"]
[TimeControl "180+2"]
[Date "2023.07.25"]
[WhiteClock "0:00:00"]
[BlackClock "0:00:03"]
[Board "66"]

1. d4 Nf6 2. c4 e6 3. Nc3 Bb4 4. Nf3 b6 5. g3 Bb7 6. Bg2 O-O 7. O-O Bxc3 8. bxc3 d6 9. a4 Nbd7 10. a5 Re8 11. a6 Be4 12. Qd2 e5 13. Qg5 h6 14. Qh4 Rc8 15. Nxe5 Bxg2 16. Nxd7 Nxd7 17. Qxd8 Rcxd8 18. Kxg2 Rxe2 19. Be3 Re8 20. Kf3 Rc2 21. Rfc1 Rxc1 22. Rxc1 Nb8 23. Ra1 Nc6 24. Ra4 Kf8 25. c5 dxc5 26. dxc5 b5 27. Re4 Rxe4 28. Kxe4 Ke7 29. Kd5 Kd7 30. g4 Ne7+ 31. Ke5 Kc6 32. f4 Nd5 33. Bd4 Nf6 34. Kf5 Ne8 35. Bxg7 Nxg7+ 36. Kf6 Ne6 37. f5 Nxc5 38. Kxf7 Ne4 39. Ke6 Kc5 40. f6 Nxf6 41. Kxf6 Kc4 42. h4 Kxc3 43. g5 hxg5 44. hxg5 b4 45. g6 b3 46. g7 b2 47. g8=Q b1=Q 48. Qc8 Qb6+ 49. Ke5 Kb4 50. Qb7 Ka5 51. Kd5 Qb5+ 52. Kd4 Qb4+ 53. Kd5 Qb5+ 54. Kd4 Qb6+ 55. Kd5 Qxa6 56. Qxc7+ Ka4 0-1


[Site "https://www.chess.com"]

[Event "Titled Tuesday Blitz July 25 Early 2023"]
[White "Rosh Jain"]
[Black "Arat, Ufuk Sezen"]
[WhiteFideId "25789465"]
[BlackFideId "6309089"]
[WhiteElo "2455"]
[BlackElo "2617"]
[Result "1-0"]
[Round "11"]
[TimeControl "180+2"]
[Date "2023.07.25"]
[WhiteClock "0:01:15"]
[BlackClock "0:01:08"]
[Board "67"]

1. e4 c5 2. Nf3 e6 3. d4 cxd4 4. Nxd4 Nc6 5. Nc3 Qc7 6. Be3 a6 7. Qd2 Nf6 8. Be2 b5 9. O-O Bb7 10. a3 Ne5 11. f3 Nc4 12. Bxc4 Qxc4 13. Rad1 d5 14. exd5 Nxd5 15. Nxd5 Qxd5 16. Qf2 Qc4 17. Rfe1 Be7 18. b3 Qc7 19. Nf5 Bxa3 20. Nxg7+ Kf8 21. Bh6 Kg8 22. Nh5 Bb2 23. Rd7 Qb8 24. Rd8+ 1-0


[Site "https://www.chess.com"]

[Event "Titled Tuesday Blitz July 25 Early 2023"]
[White "Estrada Nieto, Julian"]
[Black "Mamedov, Edgar"]
[WhiteFideId "5101018"]
[BlackFideId "13739980"]
[WhiteElo "2477"]
[BlackElo "2613"]
[Result "0-1"]
[Round "11"]
[TimeControl "180+2"]
[Date "2023.07.25"]
[WhiteClock "0:00:00"]
[BlackClock "0:00:24"]
[Board "68"]

1. e4 c5 2. Nf3 Nc6 3. Bb5 e5 4. O-O Bd6 5. c3 a6 6. Bxc6 dxc6 7. d4 exd4 8. cxd4 Bg4 9. dxc5 Bxc5 10. Qc2 Ba7 11. Rd1 Qf6 12. Nbd2 Ne7 13. e5 Qg6 14. Qxg6 Nxg6 15. h3 Be6 16. Ne4 O-O 17. Nd6 Bd5 18. Nxb7 Bxf3 19. gxf3 Nxe5 20. Kg2 Rab8 21. Na5 Rb5 22. Nb3 Ng6 23. Be3 Nh4+ 24. Kg3 Nf5+ 25. Kf4 Nxe3 26. fxe3 g5+ 27. Kg3 Bxe3 28. Rd3 Bf4+ 29. Kg2 Re8 30. Kf1 a5 31. Rb1 a4 32. Nd4 Rd5 33. Rbd1 Re3 34. Rxe3 Bxe3 35. Rd3 Bxd4 36. b3 axb3 37. axb3 Kg7 38. b4 Bb6 39. Rc3 Rb5 40. Rxc6 Rxb4 41. Kg2 Rb2+ 42. Kf1 Be3 43. Ke1 Bf4 44. Rc3 Bd2+ 0-1


[Site "https://www.chess.com"]

[Event "Titled Tuesday Blitz July 25 Early 2023"]
[White "Vlassov, Nikolai"]
[Black "ZugZwang1201"]
[WhiteFideId "4103360"]
[WhiteElo "2572"]
[BlackElo "2455"]
[Result "0-1"]
[Round "11"]
[TimeControl "180+2"]
[Date "2023.07.25"]
[WhiteClock "0:00:01"]
[BlackClock "0:00:26"]
[Board "69"]

1. e4 c5 2. c3 e6 3. d4 a6 4. d5 Qc7 5. Nf3 d6 6. dxe6 fxe6 7. Bd3 Nf6 8. O-O Be7 9. Bf4 Nc6 10. Re1 Ne5 11. Nxe5 dxe5 12. Bg3 O-O 13. Qe2 b5 14. Nd2 c4 15. Bc2 Bb7 16. Nf3 Bd6 17. Rad1 Rad8 18. Ng5 Qe7 19. Rd2 h6 20. Nf3 Nh5 21. Bxe5 Bxe5 22. Rxd8 Qxd8 23. Nxe5 Nf4 24. Qg4 h5 25. Qg3 Qd2 26. Qe3 Qxc2 27. Nd7 Nd3 28. Nxf8 Nxe1 29. Nxe6 Qd1 0-1


[Site "https://www.chess.com"]

[Event "Titled Tuesday Blitz July 25 Early 2023"]
[White "Trifan, Andrei Ioan"]
[Black "Balla, Tamas-Kristof"]
[WhiteFideId "12967068"]
[BlackFideId "1208497"]
[WhiteElo "2571"]
[BlackElo "2442"]
[Result "1-0"]
[Round "11"]
[TimeControl "180+2"]
[Date "2023.07.25"]
[WhiteClock "0:01:41"]
[BlackClock "0:00:32"]
[Board "70"]

1. Nf3 c5 2. e3 d5 3. b3 Nf6 4. Bb2 a6 5. Be2 Nc6 6. O-O Bg4 7. d4 e6 8. Nbd2 Bd6 9. c4 cxd4 10. Nxd4 Bxe2 11. Qxe2 Nxd4 12. Bxd4 O-O 13. Rfd1 Qe7 14. e4 Nxe4 15. Nxe4 dxe4 16. Qxe4 e5 17. Bb2 Rfe8 18. Rd5 Rad8 19. Rad1 Bb8 20. h3 h6 21. Rxd8 Rxd8 22. Rxd8+ Qxd8 23. Qxb7 Qd1+ 24. Kh2 Bd6 25. Qa8+ Kh7 26. Qe4+ Kg8 27. Bxe5 Bf8 28. Bg3 Qd2 29. Qa8 Qa5 30. Bd6 1-0


[Site "https://www.chess.com"]

[Event "Titled Tuesday Blitz July 25 Early 2023"]
[White "Yurovskykh, Oleksandr"]
[Black "Iljin, Timofey"]
[WhiteFideId "14134020"]
[BlackFideId "14110180"]
[WhiteElo "2561"]
[BlackElo "2437"]
[Result "1-0"]
[Round "11"]
[TimeControl "180+2"]
[Date "2023.07.25"]
[WhiteClock "0:00:08"]
[BlackClock "0:00:01"]
[Board "71"]

1. c4 f5 2. Nc3 Nf6 3. g3 g6 4. Bg2 Bg7 5. d3 O-O 6. e4 d6 7. Nge2 e5 8. O-O Nc6 9. h3 fxe4 10. dxe4 Be6 11. Nd5 Qd7 12. Kh2 Nd4 13. Be3 Nxe2 14. Qxe2 c6 15. Nc3 Qf7 16. b3 Rad8 17. Rad1 Rd7 18. Rd3 b6 19. Rfd1 Rfd8 20. R1d2 d5 21. cxd5 cxd5 22. exd5 Nxd5 23. Nxd5 Bxd5 24. Rxd5 Rxd5 25. Bxd5 Rxd5 26. Rxd5 Qxd5 27. Qc2 Qd7 28. Qc4+ Kh8 29. h4 h5 30. Qe4 Kh7 31. a4 Qe6 32. b4 Qb3 33. a5 bxa5 34. bxa5 a6 35. Qc6 Qd3 36. Qb7 Qe2 37. Kg2 Qc4 38. Bg5 Kg8 39. Qe7 Qf7 40. Qd6 Qb7+ 41. Kh2 Qb2 42. Be3 Qb5 43. Qxg6 Qxa5 44. Qxh5 Qd5 45. Qe8+ Kh7 46. Qe7 a5 47. Qa7 Qb5 48. h5 Kg8 49. h6 Bf8 50. h7+ Kh8 51. Qf7 Qb8 52. Qg8# 1-0


[Site "https://www.chess.com"]

[Event "Titled Tuesday Blitz July 25 Early 2023"]
[White "Ambartsumova, Karina"]
[Black "Eggleston, Thomas A"]
[WhiteFideId "4166299"]
[BlackFideId "412139"]
[WhiteElo "2558"]
[BlackElo "2426"]
[Result "1-0"]
[Round "11"]
[TimeControl "180+2"]
[Date "2023.07.25"]
[WhiteClock "0:00:06"]
[BlackClock "0:00:00"]
[Board "72"]

1. e4 e6 2. d4 d5 3. Nc3 Nf6 4. e5 Nfd7 5. f4 c5 6. Nf3 Nc6 7. Be3 a6 8. Qd2 Qb6 9. O-O-O Qc7 10. dxc5 Nxc5 11. h4 b5 12. Bd3 b4 13. Ne2 a5 14. Ned4 Nxd3+ 15. Qxd3 Ba6 16. Qd2 Be7 17. h5 h6 18. f5 Nxd4 19. Nxd4 Qxe5 20. Bf4 Qf6 21. Rhe1 O-O 22. fxe6 fxe6 23. Nxe6 Rf7 24. Qxd5 Rc8 25. g3 a4 26. Rd2 a3 27. Be5 Qf5 28. Nxg7 axb2+ 29. Kxb2 Qg4 30. Re4 Qf3 31. Ne6 Qa3+ 32. Kb1 Rf1+ 33. Rd1 Rxd1+ 34. Qxd1 Bc4 35. Rxc4 Rxc4 36. Qd5 Rc8 37. Ng5+ 1-0


[Site "https://www.chess.com"]

[Event "Titled Tuesday Blitz July 25 Early 2023"]
[White "Jaskolka, Tomasz"]
[Black "Lopez Del Alamo, Antonio"]
[WhiteFideId "1170791"]
[BlackFideId "2227339"]
[WhiteElo "2536"]
[BlackElo "2366"]
[Result "1-0"]
[Round "11"]
[TimeControl "180+2"]
[Date "2023.07.25"]
[WhiteClock "0:00:11"]
[BlackClock "0:00:00"]
[Board "73"]

1. e4 c5 2. Nf3 e6 3. b4 cxb4 4. d4 d5 5. e5 Nc6 6. a3 Qb6 7. axb4 a6 8. b5 Na5 9. bxa6 bxa6 10. Bd3 Nc4 11. O-O Bb7 12. Nc3 Nh6 13. Rb1 Qc6 14. Nd2 Nxd2 15. Bxd2 Nf5 16. Ne2 Be7 17. c3 O-O 18. Qc2 g6 19. g4 Nh4 20. f4 Rfc8 21. f5 a5 22. f6 Bf8 23. Bg5 Ba6 24. Bxh4 a4 25. Ra1 a3 26. Bxa6 Qxa6 27. Ra2 Rab8 28. Rfa1 Qc4 29. Be1 Rb3 30. Nc1 Rb7 31. Qe2 Qc6 32. Nd3 Rcb8 33. Nb4 Bxb4 34. cxb4 Ra7 35. Rxa3 Rxa3 36. Rxa3 Qc1 37. Rc3 Qa1 38. Qc2 h6 39. Kf2 Kh7 40. h4 Ra8 41. Qd2 Ra2 42. Rc2 Rxc2 43. Qxc2 Qxd4+ 44. Kf3 Qxe5 45. Qc3 Qe4+ 46. Kf2 d4 47. Qf3 1-0


[Site "https://www.chess.com"]

[Event "Titled Tuesday Blitz July 25 Early 2023"]
[White "Buscar, Michael"]
[Black "SmirnovAlexandrA"]
[WhiteFideId "2603616"]
[WhiteElo "2370"]
[BlackElo "2514"]
[Result "0-1"]
[Round "11"]
[TimeControl "180+2"]
[Date "2023.07.25"]
[WhiteClock "0:00:00"]
[BlackClock "0:00:29"]
[Board "74"]

1. d4 c5 2. e3 cxd4 3. exd4 Nf6 4. Nf3 g6 5. Bd3 Bg7 6. O-O d5 7. c3 O-O 8. Re1 Nc6 9. Nbd2 Bf5 10. Nf1 Qc7 11. Ne5 Bxd3 12. Nxd3 Ne4 13. Bf4 Qb6 14. Ng3 Nxg3 15. hxg3 e6 16. Bd6 Rfe8 17. Bc5 Qc7 18. Qf3 b6 19. Ba3 a5 20. g4 Rad8 21. g3 e5 22. dxe5 Nxe5 23. Nxe5 Rxe5 24. Rxe5 Qxe5 25. Rd1 h6 26. Kg2 d4 27. Qf4 Qxf4 28. gxf4 f5 29. g5 h5 30. Kf3 Kf7 31. b3 Ke6 32. Bb2 dxc3 33. Rxd8 cxb2 34. Rd1 b5 35. Ke3 a4 36. bxa4 bxa4 37. a3 Bf8 38. Kd3 Bxa3 39. Kc2 Bc5 40. Kxb2 Bxf2 41. Ka3 h4 42. Rd3 Bg3 43. Rd4 h3 44. Rxa4 h2 0-1


[Site "https://www.chess.com"]

[Event "Titled Tuesday Blitz July 25 Early 2023"]
[White "Shturman, Arseniy"]
[Black "Putri, Regita Desyari"]
[WhiteFideId "34275797"]
[BlackFideId "7109083"]
[WhiteElo "2507"]
[BlackElo "2251"]
[Result "1-0"]
[Round "11"]
[TimeControl "180+2"]
[Date "2023.07.25"]
[WhiteClock "0:01:54"]
[BlackClock "0:00:25"]
[Board "75"]

1. e4 e5 2. Nf3 Nf6 3. Nc3 Nc6 4. d4 exd4 5. Nxd4 Bb4 6. Nxc6 bxc6 7. Bd3 O-O 8. O-O d5 9. exd5 cxd5 10. h3 c6 11. Qf3 Bd6 12. Re1 h6 13. Bf4 Rb8 14. b3 Rb4 15. Ne2 Be6 16. Bd2 Rb7 17. Nd4 Bd7 18. Nf5 Bxf5 19. Qxf5 Qc8 20. Qxc8 Rxc8 21. Ba6 Rbb8 22. Bxc8 Rxc8 23. f3 Nd7 24. Be3 a5 25. a4 c5 26. Rad1 Nf6 27. Bd2 Ra8 28. Bc3 d4 29. Bd2 Bg3 30. Re7 Nd5 31. Rb7 Kf8 32. Rb5 Rc8 33. Rxa5 Ne3 34. Bxe3 dxe3 35. Kf1 c4 36. b4 c3 37. Ke2 Bf2 38. b5 Rc4 39. b6 Rb4 40. Rb5 Rxa4 41. b7 Bg3 42. b8=Q+ 1-0


[Site "https://www.chess.com"]

[Event "Titled Tuesday Blitz July 25 Early 2023"]
[White "Oro, Faustino"]
[Black "Molenda, Marcin"]
[WhiteFideId "20000197"]
[BlackFideId "1173065"]
[WhiteElo "2808"]
[BlackElo "2461"]
[Result "0-1"]
[Round "11"]
[TimeControl "180+2"]
[Date "2023.07.25"]
[WhiteClock "0:00:02"]
[BlackClock "0:00:29"]
[Board "76"]

1. Nf3 Nf6 2. d4 g6 3. g3 Bg7 4. Bg2 O-O 5. O-O d6 6. c4 c6 7. Nc3 Qa5 8. Qc2 e5 9. e4 Nbd7 10. Rd1 exd4 11. Nxd4 Ne5 12. b3 a6 13. Bb2 Bg4 14. Nde2 Rad8 15. h3 Bf3 16. Bxf3 Nxf3+ 17. Kg2 Ng5 18. h4 Ne6 19. a3 d5 20. b4 Qc7 21. exd5 cxd5 22. c5 d4 23. Nb1 Qc6+ 24. Kg1 Ng4 25. Rd3 Ne5 26. Nd2 Nxd3 27. Qxd3 Rfe8 28. Nc4 Nc7 29. Nd6 Re7 30. Bxd4 Ne8 31. Bxg7 Nxg7 32. Nd4 Qd5 33. Qc3 Ne8 34. Nc2 Nxd6 35. cxd6 Rxd6 36. Ne3 Qd4 37. Qc8+ Kg7 38. Re1 Rde6 39. Rd1 Qe4 40. Nd5 Rd6 41. Qc5 Red7 42. Qc3+ f6 43. Re1 Qxd5 0-1


[Site "https://www.chess.com"]

[Event "Titled Tuesday Blitz July 25 Early 2023"]
[White "djokovic74"]
[Black "Kopczynski, Michal"]
[BlackFideId "1124200"]
[WhiteElo "2723"]
[BlackElo "2459"]
[Result "1-0"]
[Round "11"]
[TimeControl "180+2"]
[Date "2023.07.25"]
[WhiteClock "0:02:43"]
[BlackClock "0:02:08"]
[Board "77"]

1. e4 c5 2. Nf3 d6 3. d4 cxd4 4. Nxd4 Nf6 5. Nc3 g6 6. Be3 Bg7 7. f3 O-O 8. Qd2 Nc6 9. O-O-O d5 10. Qe1 e6 11. Nxc6 bxc6 12. h4 Qa5 13. h5 dxe4 14. hxg6 hxg6 15. fxe4 e5 16. Qh4 Re8 17. Bg5 Ng4 18. Be2 f6 19. Bxg4 fxg5 20. Qh7+ 1-0


[Site "https://www.chess.com"]

[Event "Titled Tuesday Blitz July 25 Early 2023"]
[White "Herzog2012"]
[Black "Bryakin, Mikhail"]
[BlackFideId "4165314"]
[WhiteElo "2452"]
[BlackElo "2705"]
[Result "1-0"]
[Round "11"]
[TimeControl "180+2"]
[Date "2023.07.25"]
[WhiteClock "0:00:04"]
[BlackClock "0:01:21"]
[Board "78"]

1. e4 d6 2. d4 Nf6 3. Nc3 e5 4. Nf3 Nc6 5. Bc4 exd4 6. Nxd4 Nxd4 7. Qxd4 Be6 8. O-O Bxc4 9. Qxc4 Be7 10. Rd1 Qc8 11. Nb5 Bd8 12. Bg5 a6 13. Nd4 O-O 14. Nf5 h6 15. Bh4 Qe6 16. Qxe6 fxe6 17. Nd4 Re8 18. f3 Kf7 19. c4 Nd7 20. Bxd8 Raxd8 21. Rac1 g6 22. Nb3 Nc5 23. Na5 b6 24. Nc6 Ra8 25. b4 Nd7 26. a4 Ne5 27. Nxe5+ dxe5 28. Rd7+ Re7 29. Rcd1 Ke8 30. R7d3 g5 31. Kf2 h5 32. Kg3 a5 33. b5 Rc8 34. h4 Rg7 35. hxg5 Rxg5+ 36. Kh3 Rg7 37. R1d2 Re7 38. Kh4 c6 39. Kxh5 cxb5 40. cxb5 Rc4 41. Kg6 Rec7 42. Kf6 Rf7+ 43. Kxe6 Re7+ 44. Kf6 Rf7+ 45. Kxe5 Re7+ 46. Kf4 Rxa4 47. Rd8+ Kf7 48. R8d6 Rb7 49. Rd7+ Rxd7 50. Rxd7+ Ke6 51. Rb7 Kd6 52. Rxb6+ Kc5 53. Rb8 Ra1 54. g4 a4 55. b6 Kc6 56. g5 a3 57. Kf5 a2 58. Ra8 Kb7 59. Ra3 Rf1 60. Rxa2 Rxf3+ 61. Ke6 Rg3 62. Kf6 Kxb6 63. g6 Kc7 64. g7 Rf3+ 65. Ke7 Rg3 66. Rc2+ Kb7 67. Kf7 Rf3+ 68. Kg8 Rf4 69. Rg2 Rh4 70. Kf7 Rf4+ 71. Kg6 1-0


[Site "https://www.chess.com"]

[Event "Titled Tuesday Blitz July 25 Early 2023"]
[White "Dehtiarov, Roman"]
[Black "Yashmetov, Mikhail"]
[WhiteFideId "14186640"]
[BlackFideId "24198900"]
[WhiteElo "2696"]
[BlackElo "2450"]
[Result "0-1"]
[Round "11"]
[TimeControl "180+2"]
[Date "2023.07.25"]
[WhiteClock "0:00:00"]
[BlackClock "0:00:16"]
[Board "79"]

1. c4 Nf6 2. Nc3 g6 3. g3 Bg7 4. Bg2 O-O 5. e4 d6 6. Nge2 c5 7. O-O Nc6 8. d3 e5 9. h3 Ne8 10. f4 Nc7 11. Be3 Ne6 12. Nd5 Ned4 13. Nec3 Rb8 14. a4 a6 15. fxe5 Bxe5 16. Bh6 Bg7 17. Bxg7 Kxg7 18. Ne2 Qg5 19. Kh2 Be6 20. Nef4 Bxd5 21. Nxd5 Ne5 22. b4 cxb4 23. Nxb4 Qe3 24. Ra3 h5 25. Nd5 Qg5 26. Ra2 h4 27. g4 b5 28. cxb5 axb5 29. a5 b4 30. a6 b3 31. Rb2 Nec6 32. Qc1 Qxc1 33. Rxc1 Ne5 34. Bf1 Ra8 35. Ra1 Ra7 36. Ra4 Nec6 37. Nb4 Ne5 38. Nd5 Nef3+ 39. Kg2 Rfa8 40. Nb4 Ne5 41. Kf2 f5 42. gxf5 gxf5 43. exf5 Kf6 44. Ke3 Nxf5+ 45. Kd2 Nf3+ 46. Kc3 N3d4 47. Nd5+ Ke5 48. Nb4 Rb8 49. Kd2 Rb6 50. Bg2 d5 51. Nxd5 Rbxa6 52. Rxa6 Rxa6 53. Kc3 Rc6+ 54. Kd2 Rc5 55. Nc3 Kf4 56. Ne4 Rc7 0-1


[Site "https://www.chess.com"]

[Event "Titled Tuesday Blitz July 25 Early 2023"]
[White "Cheer_Down"]
[Black "Goltsev, Dmitry"]
[BlackFideId "24176710"]
[WhiteElo "2449"]
[BlackElo "2684"]
[Result "0-1"]
[Round "11"]
[TimeControl "180+2"]
[Date "2023.07.25"]
[WhiteClock "0:00:35"]
[BlackClock "0:02:11"]
[Board "80"]

1. e4 e6 2. d4 d5 3. Nc3 Nf6 4. e5 Ne4 5. Nxe4 dxe4 6. Bc4 c5 7. d5 exd5 8. Qxd5 Qxd5 9. Bxd5 Nc6 10. Bf4 Be6 11. Bxe4 O-O-O 12. c3 h6 13. h4 Be7 14. Ne2 g5 15. Bg3 gxh4 16. Bxh4 Bxh4 17. Rxh4 Nxe5 18. Rh5 Ng4 19. Rxc5+ Kb8 20. f3 Ne3 21. Kf2 Nd1+ 22. Ke1 Ne3 23. Kf2 Nd1+ 24. Ke1 Nxb2 25. Rb5 Nd3+ 26. Kf1 b6 27. Nd4 Bc4 28. Nc6+ Kc7 29. Rf5 Ne5+ 30. Kf2 Nxc6 0-1


[Site "https://www.chess.com"]

[Event "Titled Tuesday Blitz July 25 Early 2023"]
[White "Danielyan, Vahe"]
[Black "Alvarado Diaz, Alejandro"]
[WhiteFideId "13304828"]
[BlackFideId "2276119"]
[WhiteElo "2623"]
[BlackElo "2449"]
[Result "1-0"]
[Round "11"]
[TimeControl "180+2"]
[Date "2023.07.25"]
[WhiteClock "0:01:49"]
[BlackClock "0:00:00"]
[Board "81"]

1. d4 f5 2. c4 Nf6 3. Nc3 d6 4. g3 g6 5. Bg2 Bg7 6. Nf3 O-O 7. O-O c6 8. Re1 Na6 9. d5 e5 10. dxc6 bxc6 11. b3 Nc5 12. Bb2 Qe7 13. Nd2 e4 14. Nf1 Be6 15. Ne3 a5 16. Rc1 Rab8 17. Qc2 a4 18. bxa4 Nfd7 19. Red1 Ne5 20. Ba3 h5 21. Qd2 Rfd8 22. Qc2 h4 23. a5 Ra8 24. Bb4 Bh6 25. Na4 Bxe3 26. fxe3 Nxc4 27. Nxc5 dxc5 28. Rxd8+ Rxd8 29. Be1 Nxe3 30. Qxc5 Qxc5 31. Rxc5 Nxg2 32. Kxg2 Bd5 33. Kf2 Ra8 34. Ke3 h3 35. Rc2 Kf7 36. Rb2 Ra7 37. Kd4 Ke6 38. Kc5 1-0


[Site "https://www.chess.com"]

[Event "Titled Tuesday Blitz July 25 Early 2023"]
[White "Guerra Tulcan, Lenin"]
[Black "Avazkhonov, Alikhon"]
[WhiteFideId "3601382"]
[BlackFideId "14208504"]
[WhiteElo "2588"]
[BlackElo "2444"]
[Result "0-1"]
[Round "11"]
[TimeControl "180+2"]
[Date "2023.07.25"]
[WhiteClock "0:01:46"]
[BlackClock "0:01:09"]
[Board "82"]

1. e4 c5 2. Nf3 d6 3. b4 cxb4 4. a3 bxa3 5. Bxa3 Nf6 6. Bd3 g6 7. O-O Bg7 8. c3 O-O 9. Bc2 Nc6 10. d4 Bg4 11. Nbd2 e5 12. Qb1 exd4 13. cxd4 b6 14. Ba4 Rc8 15. h3 Bxf3 16. Nxf3 Nh5 17. Rd1 Nf4 18. e5 Ne2+ 19. Kh1 Nc3 20. Qb3 Na5 21. Qb4 Rc4 22. Qxd6 Rxa4 23. Rdc1 Nb5 24. Qxd8 Rxd8 25. Be7 Rxa1 26. Rxa1 Rd7 27. Bb4 Nb3 28. Rb1 N3xd4 29. Nxd4 Nxd4 30. Bd6 Nf5 31. Bb8 Rb7 32. g4 Rxb8 33. gxf5 Bxe5 34. f4 Bxf4 0-1


[Site "https://www.chess.com"]

[Event "Titled Tuesday Blitz July 25 Early 2023"]
[White "Nurgaliyeva, Zarina"]
[Black "Reprintsev, Alexander"]
[WhiteFideId "13730096"]
[BlackFideId "14100541"]
[WhiteElo "2578"]
[BlackElo "2442"]
[Result "1-0"]
[Round "11"]
[TimeControl "180+2"]
[Date "2023.07.25"]
[WhiteClock "0:01:24"]
[BlackClock "0:00:50"]
[Board "83"]

1. e4 d5 2. exd5 Qxd5 3. Nc3 Qa5 4. Bc4 Nf6 5. d3 e5 6. Bd2 c6 7. Qe2 Nbd7 8. Nf3 Qc7 9. Ng5 Bb4 10. Bxf7+ Ke7 11. Bb3 h6 12. Ne6 Qd6 13. Nxg7 Nc5 14. O-O Nxb3 15. axb3 Rg8 16. f4 e4 17. Nxe4 Bg4 18. Nxd6+ Bxe2 19. Ngf5+ 1-0


[Site "https://www.chess.com"]

[Event "Titled Tuesday Blitz July 25 Early 2023"]
[White "Gamayev, Oleg"]
[Black "Rangel, Daniel"]
[WhiteFideId "2802813"]
[BlackFideId "2124475"]
[WhiteElo "2576"]
[BlackElo "2441"]
[Result "1-0"]
[Round "11"]
[TimeControl "180+2"]
[Date "2023.07.25"]
[WhiteClock "0:02:14"]
[BlackClock "0:00:11"]
[Board "84"]

1. d3 Nf6 2. e4 g6 3. Nf3 Bg7 4. Be2 O-O 5. O-O c5 6. c3 Nc6 7. a4 d5 8. exd5 Nxd5 9. Re1 b6 10. Bf1 Bb7 11. Nbd2 e5 12. Nc4 f6 13. Qb3 Kh8 14. a5 Rb8 15. axb6 axb6 16. Qc2 b5 17. Ncd2 f5 18. Nb3 Qd6 19. g3 Nc7 20. Bg2 Ne6 21. Ng5 Nxg5 22. Bxg5 h6 23. Be3 Nd4 24. cxd4 Bxg2 25. Kxg2 cxd4 26. Bxd4 exd4 27. Ra7 Rbc8 28. Qd1 Rfe8 29. Nd2 g5 30. Rxe8+ Rxe8 31. Qf3 Rf8 32. Qb7 Qe5 33. Nf3 Qf6 34. Qxb5 f4 35. g4 h5 36. Qxg5 Qxg5 37. Nxg5 hxg4 38. Rxg7 Kxg7 39. Ne6+ Kf7 40. Nxf8 Kxf8 41. f3 1-0


[Site "https://www.chess.com"]

[Event "Titled Tuesday Blitz July 25 Early 2023"]
[White "Orlov, Georgi"]
[Black "Bendayan Claros, Aaron"]
[WhiteFideId "2011271"]
[BlackFideId "3803392"]
[WhiteElo "2553"]
[BlackElo "2440"]
[Result "1-0"]
[Round "11"]
[TimeControl "180+2"]
[Date "2023.07.25"]
[WhiteClock "0:02:02"]
[BlackClock "0:01:26"]
[Board "85"]

1. d4 d5 2. Nf3 Nf6 3. c4 e6 4. Nc3 a6 5. cxd5 exd5 6. g3 Be6 7. Qb3 Ra7 8. Bg2 Bd6 9. O-O c6 10. Bg5 Nbd7 11. Qc2 h6 12. Bf4 Qc7 13. e3 O-O 14. Rac1 Raa8 15. b4 Bxf4 16. exf4 Qd6 17. Qb2 Bf5 18. Ne5 Rfe8 19. a4 a5 20. b5 c5 21. Nxd7 Bxd7 22. dxc5 Qxc5 23. Nxd5 1-0


[Site "https://www.chess.com"]

[Event "Titled Tuesday Blitz July 25 Early 2023"]
[White "Souleidis, Georgios"]
[Black "Rakitic2010"]
[WhiteFideId "4206827"]
[WhiteElo "2532"]
[BlackElo "2439"]
[Result "1-0"]
[Round "11"]
[TimeControl "180+2"]
[Date "2023.07.25"]
[WhiteClock "0:00:06"]
[BlackClock "0:00:10"]
[Board "86"]

1. e4 Nf6 2. Nc3 d5 3. exd5 Nxd5 4. Bc4 Be6 5. Qf3 c6 6. Nge2 Nd7 7. d4 g6 8. Nxd5 cxd5 9. Bxd5 Ne5 10. dxe5 Bxd5 11. Qg3 Bg7 12. O-O O-O 13. Nc3 Bc4 14. Rd1 Qa5 15. Bf4 Rfd8 16. h4 h5 17. b3 Be6 18. Rxd8+ Rxd8 19. Ne4 Rd5 20. c4 Rxe5 21. b4 Rxe4 22. bxa5 Bxa1 23. f3 Rxc4 24. Bg5 Ra4 25. Qb8+ Kg7 26. Bxe7 Rxa5 27. Qf8+ Kh7 28. Bg5 Rxa2 29. Qb8 b6 30. Kh2 Ra5 31. Bf4 Bf6 32. Kg3 Ra4 33. Qb7 Rb4 34. Bd6 Rd4 35. Bf4 Rd5 36. Qxa7 b5 37. Qb7 Kg7 38. Bg5 Bxg5 39. hxg5 Rxg5+ 40. Kf4 Rd5 41. Kg3 Rg5+ 42. Kf2 Rf5 43. Ke3 Rg5 44. Kf2 h4 45. Qc7 h3 46. gxh3 Bxh3 47. Qb6 Be6 48. Ke3 Re5+ 49. Kf2 Rd5 50. Ke3 Kf6 51. Qb8 g5 52. Qh8+ Ke7 53. Qb8 f5 54. Qc7+ Kf6 55. Qb8 f4+ 56. Kf2 Rd2+ 57. Ke1 Rd5 58. Kf2 Kf5 59. Qf8+ Ke5 60. Qg7+ Kd6 61. Qf8+ Kc6 62. Qe7 Bf5 63. Qf6+ Kc5 64. Qc3+ Kb6 65. Qf6+ Ka5 66. Qa1+ Kb4 67. Qb2+ Kc4 68. Qa2+ Kd4 69. Qd2+ Bd3 70. Qb4+ Bc4 71. Qb2+ Kd3 72. Ke1 Ke3 73. Qf2+ Kd3 74. Qd2# 1-0


[Site "https://www.chess.com"]

[Event "Titled Tuesday Blitz July 25 Early 2023"]
[White "Vyatkin, Dmitry"]
[Black "Pandey Srishti"]
[WhiteFideId "4171900"]
[BlackFideId "35093290"]
[WhiteElo "2526"]
[BlackElo "2433"]
[Result "1-0"]
[Round "11"]
[TimeControl "180+2"]
[Date "2023.07.25"]
[WhiteClock "0:01:10"]
[BlackClock "0:01:15"]
[Board "87"]

1. d4 d5 2. c4 c6 3. Nf3 Nf6 4. g3 e6 5. Bg2 dxc4 6. O-O Be7 7. Ne5 O-O 8. Nxc4 b5 9. Ne5 Bb7 10. Nc3 a6 11. a3 Nfd7 12. Nd3 Qb6 13. Be3 c5 14. dxc5 Qc7 15. b4 Bxg2 16. Kxg2 Nc6 17. Qc2 Nce5 18. Nxe5 Nxe5 19. Bf4 Rfd8 20. Qe4 Bf6 21. Rad1 g5 22. Bc1 Nc4 23. Qf3 Bg7 24. Bxg5 Rxd1 25. Qxa8+ 1-0


[Site "https://www.chess.com"]